 Dungeon Crawl Stone Soup version 0.28.0-47-ge53b351184 (webtiles) character file.

Game seed: 1323974829399543670

820 101zpm the Magician (level 8, 0/50 HPs)
             Began as a Djinni Fire Elementalist on Apr 30, 2022.
             Engulfed by a cloud of flame (7 damage)
             ... on level 5 of the Dungeon.
             The game lasted 00:09:04 (2816 turns).

101zpm the Magician (Djinni Fire Elementalist)      Turns: 2816, Time: 00:09:05

Health: 0/50       AC:  2    Str:  7    XL:     8   Next: 16%
Gold:   49         EV: 12    Int: 19    God:
                   SH:  0    Dex: 14

rFire   + + .      SeeInvis .   (no weapon)
rCold   x . .      Faith    .   (no shield)
rNeg    . . .      Spirit   .   a - +0 robe
rPois   ∞          Reflect  .   (no helmet)
rElec   .          Harm     .   (no cloak)
rCorr   .          Rampage  .   (no gloves)
Will    .....                   (boots unavailable)
Stlth   ++........              c - amulet of regeneration
HPRegen 0.96/turn               (no ring)
MPRegen 0.00/turn               (no ring)

@: flying
A: sickness immunity, fire resistance 2, cold vulnerability 1, float, innate
caster, HP casting, extra vitality 1
a: no special abilities


You were on level 5 of the Dungeon.
You visited 1 branch of the dungeon, and saw 5 of its levels.

You collected 49 gold pieces.

Inventory:

Missiles
 k - a throwing net
Armour
 a - a +0 robe (worn)
Jewellery
 c - an amulet of regeneration (around neck)
 f - a +4 ring of protection
Scrolls
 b - a scroll of summoning {unknown}
 d - a scroll of enchant weapon {unknown}
 e - a scroll of fog {unknown}
 g - a scroll of identify {unknown}
Potions
 h - a potion of magic {unknown}
 i - a potion of berserk rage {unknown}
 j - a potion of invisibility {unknown}


   Skills:
 + Level 2.8 Dodging
 + Level 2.3 Stealth
 + Level 6.7 Spellcasting


You had 2 spell levels left.
You knew the following spells:

 Your Spells              Type           Power      Damage    Failure   Level
a - Foxfire               Conj/Fire      100%       2x1d9     1%          1
b - Scorch                Fire           64%        2d8       1%          2
c - Conjure Flame         Conj/Fire      32%        6-21      1%          3
d - Inner Flame           Hex/Fire       32%        N/A       1%          3
e - Flame Wave            Conj/Fire      32%        2d8       6%          4
f - Beastly Appendage     Tmut           64%        N/A       1%          1
g - Searing Ray           Conj           64%        2d6       1%          2
h - Static Discharge      Conj/Air       32%        N/A       1%          2
Your spell library was empty.

Dungeon Overview and Level Annotations

Branches:
Dungeon (5/15)
 Temple: D:4-7

Altars:
Kikubaaqudgha

Shops:
D:3 (   D:5 (

Annotations:
D:3 1 runed translucent door, Crazy Yiuf


Innate Abilities, Weirdness & Mutations

You are immune to sickness and miasma.
You are immune to poison.
Your flesh is very heat resistant. (rF++)
You are vulnerable to cold. (rC-)
You float through the air rather than walking.
You learn spells naturally, not from books.
Your magical power is your life essence.
You have superior vitality. (+4 MHP)


Message History

Aiming: Inner Flame (safe; 1% risk of failure)
Press: ? - help, Dir - move target, f - river rat
Aim: a river rat (ally target, chance to affect: 90%)
The river rat is filled with an inner flame.
The plant is engulfed in blazing flames.
A nearby plant withers and dies.
The river rat barely misses you.
Your foxfire dissipates!
You conjure some foxfire!
The river rat bites you!
Casting: Foxfire (safe; 1% risk of failure)
Confirm with . or Enter, or press ? or * to list all spells.
Flames lash the river rat.
Flame seeps out of the river rat.
The river rat is almost dead.
The river rat's fire resistance burns away.
The foxfire hits the river rat.
The river rat is burned terribly!
The river rat explodes!
The tree burns like a torch!
The fiery explosion engulfs you! You resist.
The fiery explosion engulfs the plant!!
The plant begins to die.
The plant is lightly damaged.
A river rat comes into view.
The forest fire spreads!
The plant is engulfed in blazing flames.
The foxfire hits the river rat.
The river rat is moderately wounded.
Casting: Scorch (safe; 1% risk of failure)
Confirm with . or Enter, or press ? or * to list all spells.
Aiming: Inner Flame (safe; 1% risk of failure)
Press: ? - help, Dir - move target, f - river rat
Aim: a river rat (moderately wounded, chance to affect: 90%)
The river rat is filled with an inner flame.
The plant is engulfed in blazing flames.
You are too injured to fight recklessly!
Unknown command.
You are engulfed in blazing flames.
You resist.
* * * LOW HITPOINT WARNING * * *
The plant is engulfed in blazing flames.
You are engulfed in blazing flames.
You resist.
* * * LOW HITPOINT WARNING * * *
The plant is engulfed in blazing flames.
You are engulfed in blazing flames.
You resist.
You die...

.P # #...... .. .#
#...... ♣♣♣ .♣###.#
###...# ..♣♣ ......
###...# P..♣♣♣♣♣...#
#...... ♣.P.♣....#
#(##...
♣§§§r.P♣######.##...
♣♣§§§♣...♣.........#.
♣§§§@..♣♣....##.#....
♣♣§§P♣♣♣.♣...##.#.##.
♣.♣§§§♣♣.....##......
♣♣.§§§♣♣♣#.†#####....
♣.♣§§§.P♣....# #..##
♣.♣.§§§§♣.....#
##..##
#P♣P§§§§.§###.#
#....(
##.♣P.#§§.§...#
#..... #♣.♣##§§#.##.#
#.....


You could see a river rat (inner flame).

Vanquished Creatures
  Edmund (D:5)
  A sky beast (D:5)
  A kobold brigand (D:5)
  2 scorpions
  A water moccasin zombie (D:5)
  A bullfrog zombie (D:5)
  A bullfrog skeleton (D:4)
  3 jellies (D:5)
  3 iguanas (D:5)
  8 adders
  3 river rats (D:5)
  4 worms
  A dart slug (D:5)
  An orc (D:5)
  3 ball pythons
  3 bats
  2 endoplasms
  A giant cockroach (D:3)
  2 goblins
  3 hobgoblins (D:3)
  10 kobolds
  2 quokkas (D:3)
  2 frilled lizards
  2 rats (D:3)
61 creatures vanquished.

Vanquished Creatures (collateral kills)
  17 foxfires (D:5)
17 creatures vanquished.

Vanquished Creatures (others)
  287 foxfires
  44 plants (D:5)
331 creatures vanquished.

Grand Total: 409 creatures vanquished

Notes
Turn   | Place    | Note
-------+----------+-------------------------------------------
     0 | D:1      | 101zpm the Djinni Fire Elementalist began the quest for the
                  | Orb.
     0 | D:1      | Reached XP level 1. HP: 15/15 MP: 0/0
    38 | D:2      | Reached XP level 2. HP: 4/21 MP: 0/0
   309 | D:2      | Reached skill level 3 in Spellcasting
   309 | D:2      | Reached XP level 3. HP: 8/25 MP: 0/0
   309 | D:2      | Learned a level 1 spell: Beastly Appendage
  1011 | D:3      | Found Yjayphe's Weapon Shop.
  1338 | D:3      | Reached XP level 4. HP: 19/31 MP: 0/0
  1620 | D:3      | Found a runed translucent door.
  1621 | D:3      | Noticed Crazy Yiuf
  1877 | D:4      | Noticed a scorpion
  1887 | D:3      | Killed a scorpion
  1888 | D:3      | Reached skill level 4 in Spellcasting
  1888 | D:3      | Reached XP level 5. HP: 24/35 MP: 0/0
  1888 | D:3      | Learned a level 2 spell: Searing Ray
  2262 | D:5      | Entered Level 5 of the Dungeon
  2268 | D:5      | Reached XP level 6. HP: 22/40 MP: 0/0
  2308 | D:5      | Reached skill level 5 in Spellcasting
  2385 | D:5      | Found Eloahiog's Weapon Shoppe.
  2488 | D:5      | Reached XP level 7. HP: 38/45 MP: 0/0
  2488 | D:5      | Learned a level 2 spell: Static Discharge
  2654 | D:5      | Noticed Edmund
  2658 | D:5      | Killed Edmund
  2659 | D:5      | Reached skill level 6 in Spellcasting
  2769 | D:5      | Reached XP level 8. HP: 47/50 MP: 0/0
  2816 | D:5      | Engulfed by a cloud of flame

Illustrated notes

Levels and vault maps discovered:
D:1:      dpeg_arrival_stonehenge_8_columns, layout_basic,
          shapermc_ecumenical_altar_starsandcircs, minmay_misc_feat_room,
          minmay_crystal_water, chequers_serial_rivers_room_a, nicolae_wormholes
D:2:      layout_rooms, serial_shops, nicolae_lakefront_shop, basic_altar
D:3:      layout_basic, serial_shops, nicolae_shop_stone,
          uniq_crazy_yiuf_cottage
D:4:      layout_basic
D:5:      wad_woods_stonehenge, layout_loops_cross, general_overflow_altar,
          serial_shops, nicolae_shop_bloodbath_and_beyond, uniq_edmund

Skill      XL: |  1  2  3  4  5  6  7 |
---------------+----------------------+-----
Spellcasting   | 3 4 5 6 |  6.7
Stealth        | 2 |  2.3
Dodging        | |  2.8

Action                   |  1- 3 |  4- 6 |  7- 9 || total
-------------------------+-------+-------+-------++-------
 Cast: Foxfire           |    55 |   108 |    44 ||   207
       Scorch            |     8 |     2 |     5 ||    15
       Inner Flame       |       |    12 |    11 ||    23
Armor: Robe              |     1 |     2 |     1 ||     4
Dodge: Dodged            |     1 |     5 |     6 ||    12
